 Dungeon Crawl Stone Soup version 0.18.1-6-gd335043 (webtiles) character file.

743 namelastname112 the Grasshopper (level 7, 59/59 HPs)
             Began as a Mottled Draconian Warper on May 15, 2016.
             Got out of the dungeon alive.
             The game lasted 00:08:03 (5151 turns).

namelastname112 the Grasshopper (DrWr)              Turns: 5151, Time: 00:08:04

Health: 59/59      AC:  8    Str: 13    XL:     7   Next: 47%
Magic:  12/12      EV: 13    Int: 14    God:
Gold:   205        SH:  0    Dex: 12    Spells: 2 memorised, 9 levels left

rFire  . . .     SeeInvis +     h - +0 scimitar
rCold  . . .     Gourm    .     (armour unavailable)
rNeg   . . .     Faith    .     (no shield)
rPois  .         Spirit   .     (helmet restricted)
rElec  .         Dismiss  .     q - +1 cloak
rCorr  .         Reflect  .     (no gloves)
SustAt .         Harm     .     (no boots)
MR     .....                    (no amulet)
Stlth  +.........               (no ring)
                                m - ring of see invisible

@: not resistant to hostile enchantments, very unstealthy
A: breathe sticky flame splash, unfitting armour, cold-blooded, AC +6
a: Breathe Sticky Flame


You escaped.
You were not hungry.

You visited 1 branch of the dungeon, and saw 4 of its levels.

You collected 205 gold pieces.

Inventory:

Hand Weapons
 a - a +1 falchion
 h - a +0 scimitar (weapon)
Missiles
 d - 5 tomahawks of dispersal (quivered)
 p - 4 tomahawks
Armour
 q - a +1 cloak (worn)
Jewellery
 m - a ring of see invisible (left hand)
Wands
 i - a wand of iceblast (7/15)
 s - a wand of iceblast (0/15)
Scrolls
 c - a scroll of blinking
 g - 2 scrolls of identify
 j - 3 scrolls of remove curse
 l - a scroll of enchant armour
Potions
 e - a potion of flight
Books
 b - a book of Spatial Translocations

   Spells                             Type                      Level
   a - Apportation                    Translocation                1
   b - Blink                          Translocation                2
   c - Shroud of Golubria             Charms/Translocation         2
   d - Portal Projectile              Translocation                3
   e - Teleport Other                 Translocation                3
   f - Passage of Golubria            Translocation                4
Comestibles
 f - 5 bread rations
 k - a meat ration
 n - a slice of pizza
 o - a chunk of flesh


   Skills:
 + Level 4.0 Fighting
 * Level 4.8 Long Blades
 - Level 0.8 Throwing
 + Level 3.4 Dodging
 + Level 3.4 Spellcasting
 * Level 5.3 Translocations


You had 9 spell levels left.
You knew the following spells:

 Your Spells              Type           Power        Failure   Level  Hunger
e - Apportation           Tloc           ###.......   2%          1    #......
x - Blink                 Tloc           N/A          3%          2    ##.....


Dungeon Overview and Level Annotations

Branches:
Dungeon (4/15)
 Temple: D:4-7

Altars:
Okawaru
Qazlal
Vehumet
Yredelemnul


Innate Abilities, Weirdness & Mutations

You can spit globs of burning liquid.
You can ignite nearby creatures when you spit burning liquid.
Your weird mottled scales are hard (AC +6).
Your body does not fit into most forms of armour.
You are cold-blooded and may be slowed by cold attacks.


Message History

Some of the chunks of flesh in your inventory have rotted away.
No target in view!
No target in view!
No target in view!
No target in view!
Eating one of 2 chunks of flesh.
This raw flesh tastes terrible.
You continue eating. x2
You see here a bat corpse.
You see here a club.
There is a stone staircase leading up here.
You climb upwards.
There is a stone staircase leading down here.
Things that are here:
a dagger; a kobold skeleton
There is a stone staircase leading up here.
You climb upwards.
There is a stone staircase leading down here.
There is a staircase leading out of the dungeon here.
Are you sure you want to leave the Dungeon?
This will make you lose the game!
You have escaped!

...# #.....# #..##.#.####.#.#...
#### #.....# #..##..........####
# #.....# #.>#...........#
#.....####..#..##.###.###
#.................# #.#
##################.###.# #.###
....###.##...##..#.###.# #...#
####(#.##.###....#.....###.#.#
#....#.#.######.@#...........#
..##.##..#.##....#####.###.######
####.###.#.#.##..#.......#.......
.##.###.##..##########.#.#.......
####...###### #.# #.#.#....... #
##### #.#####......#.###
#.................
#.#######.#..#.##.
#####.##...........##.


There were no monsters in sight!

Vanquished Creatures
  Sigmund (D:3)
  A phantom (D:4)
  An ogre (D:4)
  Blork the orc (D:4)
  An orc priest (D:3)
  Crazy Yiuf (D:3)
  An iguana (D:4)
  2 orc wizards
  3 worker ants (D:4)
  A howler monkey skeleton (D:4)
  3 adders
  2 worms (D:3)
  2 dart slugs
  4 giant geckos
  12 orcs
  A ball python (D:3)
  5 giant cockroaches
  7 goblins
  4 hobgoblins
  7 jackals
  A quokka (D:4)
  10 bats
  A giant newt (D:3)
  5 kobolds
  6 rats
83 creatures vanquished.

Notes
Turn   | Place    | Note
--------------------------------------------------------------
     0 | D:1      | namelastname112 the Draconian Warper began the quest for the Orb.
     0 | D:1      | Reached XP level 1. HP: 17/17 MP: 3/3
   321 | D:1      | Reached XP level 2. HP: 24/24 MP: 5/5
   447 | D:1      | Learned a level 2 spell: Blink
   545 | D:1      | epen: ушли все
  1045 | D:2      | Reached XP level 3. HP: 21/30 MP: 6/6
  1148 | D:2      | Found an iron altar of Okawaru.
  1290 | D:2      | epen: !namelastname112
  1418 | D:3      | epen: ??namelastname112
  1657 | D:3      | epen: хм...
  1657 | D:3      | namelastname112: даже бим молчит
  1891 | D:3      | Noticed Crazy Yiuf
  1896 | D:3      | epen: !joke
  2020 | D:3      | Found a radiant altar of Vehumet.
  2042 | D:3      | Reached XP level 4. HP: 29/37 MP: 7/7
  2113 | D:3      | epen: дагер на +3
  2120 | D:3      | epen: вангую
  2253 | D:3      | Noticed Sigmund
  2272 | D:3      | beem: namelastname112[1/1]: what is this krkaen head with exec axe doing
  2510 | D:4      | Noticed an ogre
  2740 | D:4      | incide: а с каким богом ты варпера собираешься тащить, бтв?
  2972 | D:4      | Found a stormy altar of Qazlal.
  2973 | D:4      | namelastname112: посмотрим
  3003 | D:4      | Reached XP level 5. HP: 23/44 MP: 7/9
  3250 | D:4      | Killed an ogre
  3250 | D:4      | Reached skill level 4 in Translocations
  3331 | D:4      | Noticed Blork the orc
  3337 | D:4      | Reached XP level 6. HP: 46/51 MP: 10/10
  3356 | D:4      | HP: 1/51 [Blork the orc/magic dart (3)]
  3797 | D:4      | Found a basalt altar of Yredelemnul.
  3810 | D:4      | epen: о
  3825 | D:4      | epen: ёрика бери
  4228 | D:4      | Killed Blork the orc
  4464 | D:4      | namelastname112: не
  4464 | D:4      | namelastname112: я планирую лук надыбать
  4549 | D:4      | Your scales start taking on a weird mottled colour.
  4549 | D:4      | Reached XP level 7. HP: 33/58 MP: 11/11
  4642 | D:3      | epen: лол
  4642 | D:3      | epen: лол
  4830 | D:3      | Killed Crazy Yiuf
  4830 | D:3      | Reached skill level 5 in Translocations
  4934 | D:3      | Killed Sigmund
  4979 | D:3      | incide: кстати, вот тоже интересно, кого лучникам брать
  5003 | D:3      | incide: ашей каких-то, штоле
  5025 | D:2      | incide: никогда лучниками не играл
  5025 | D:2      | namelastname112: диса
  5151 | D:$      | Got out of the dungeon alive.

Skill      XL: |  1  2  3  4  5  6  7 |
---------------+----------------------+-----
Long Blades    | 3 4 |  4.8
Fighting       | 3 4 |  4.0
Translocations | 4 5 |  5.3
Spellcasting   | 3 |  3.4
Dodging        | 3 |  3.4
Throwing       | |  0.8

Action                   |  1- 3 |  4- 6 |  7- 9 || total
-------------------------+-------+-------+-------++-------
Melee: Falchion          |   144 |    78 |       ||   222
       Tailslap          |     9 |    19 |     2 ||    30
       Scimitar          |       |   131 |    48 ||   179
 Cast: Blink             |     2 |     9 |       ||    11
 Abil: Breathe Sticky Fl |       |       |     1 ||     1
Evoke: Wand              |       |     1 |       ||     1
  Use: Scroll            |       |     8 |       ||     8
       Potion            |       |     2 |       ||     2
  Eat: Chunk             |     4 |     8 |     3 ||    15
Armor: Skin              |    40 |    55 |    12 ||   107
Dodge: Dodged            |   103 |   143 |    48 ||   294
